 BcadrenCrawl: Boulder Brew version 0.06-688-g08e91b2d95 (webtiles) character file.

Game seed: 3883699778680642991

286 Leeroy the Insei (level 6, 0/79 HPs) Immature Draconian Priest. Began on Jan 31, 2023. Was an Elder of Bahamut & Tiamat. Slain by a porcupine (7 damage) ... on level 3 of the Dungeon. The game lasted 00:03:22 (1322 turns).

Leeroy the Insei (Immature Draconian Priest)        Turns: 1322, Time: 00:03:23

Health: 0/79       AC:  7    Str: 12    XL:     6 ^: 324
Magic:  9/9        EV: 12    Int: 12    God:    Bahamut & Tiamat [4* [101]]
Gold:   56         SH:  0    Dex: 15    Spells: 5/5 levels left

rFire    . . .     Slash    +     - Unarmed
rCold    . . .     Pierce   x     - Unarmed
rNeg     . . .     Bludgeon .   (armour unavailable)
rCorr    . . .     Vision   .   (helmet restricted)
rPois    .         Gourm    .   (no cloak)
rElec    .         Faith    +   (no gloves)
MR       .....     Spirit   .   (no boots)
HPRegen  0.36/turn Reflect  .   d - amulet of faith (curse) {(Curse: rC-)}
MPRegen  0.19/turn Harm     .   (no ring)
Stlth    ++........             (no ring)

@: short of breath
A: deformed body 2, cold-blooded, draconic flesh, AC +7
a: Breathe Dart, Choose Bahamut's Refined Breath, Choose Tiamat's Adaptive
Breath, Choose Bahamut's Drake Mount, Choose Tiamat's Summon Drakes, Renounce
Religion


You were on level 3 of the Dungeon.
You worshipped Bahamut & Tiamat.
Bahamut & Tiamat was greatly pleased with you.
You were not hungry.

You visited 1 branch of the dungeon, and saw 3 of its levels.
You also visited: Temple.

You collected 56 gold pieces.

Inventory:

Weapons
 j - a +0 dagger Shields
 i - a +0 heater shield
Jewellery
 d - a cursed amulet of faith (around neck) {(Curse: rC-)}
 e - a cursed ring of positive energy {(Curse: Str-4)}
 f - an uncursed ring of wizardry
 h - a cursed ring of intelligence {(Curse: -Vis)}
Scrolls
 g - a scroll of bless item
Potions
 b - a potion of cure mutation
Comestibles
 a - 3 rations
 c - 2 chunks of flesh


   Skills:
 - Level 1.5 Dodging
 - Level 1.4 Stealth
 + Level 6.2 Unarmed Combat
 - Level 4.0 Invocations


You had 5 spell levels left.
You didn't know any spells.
Your spell library was empty.

Dungeon Overview and Level Annotations

Branches:
Dungeon (3/8)

Altars:
Bahamut & Tiamat


Innate Abilities, Weirdness & Mutations

Your plain brown scales are resilient. (AC +7)
You can breathe rudimentary magical darts.
You cannot wear any armour on your peculiar form.
You are cold-blooded and are slowed more easily by cold attacks.
Your scales resist being cut, but it's oddly easy to stick a small blade between them. (rSlashing+, rPiercing-)


Message History

A quokka comes into view.
The orc hits you but does no damage. The orc hits you (1).
* * * LOW HITPOINT WARNING * * *
A porcupine and a jackal come into view.
The quokka bites you (4).
You are perforated ruthlessly!
* * * LOW HITPOINT WARNING * * *
A hound skeleton comes into view.
The orc hits you but does no damage.
You are shocked (2).
* * * LOW HITPOINT WARNING * * *
The orc hits you but does no damage. The quokka bites you (2).
You are perforated ruthlessly!
* * * LOW HITPOINT WARNING * * *
Okay, then.
Okay, then.
Unknown command.
A jackal comes into view.
The porcupine twitches its whiskers.
The porcupine bites you (7)!
You are perforated ruthlessly!
You die...

##..$....#
#.........#
#.o.......#
####o........#
########...oo.......#
.......o####.####..#
##...##r# .... ..#
...#.##r# ..... .# ##
#..@.# ....#
###......_.....
##.#....h.Z#h
..#..... ..# .... ..#
##Z# .#.. .. #.


You could see a porcupine, an orc, a quokka, a jackal (wandering) and a hound
skeleton (wandering).

Vanquished Creatures
  A big kobold (D:2)
  3 jellies (D:2)
  2 giant cockroaches (D:2)
  6 cinder newts
  3 oozes
  3 dart slugs (D:1)
  A leopard gecko (D:1)
  An adder skeleton (D:2)
  A ball python (D:1)
  5 hobgoblins (D:1)
  5 bats
  4 goblins (D:1)
  9 kobolds
  10 rats (D:1)
54 creatures vanquished.

Vanquished Creatures (others)
  A bat (D:2)
  A spectral orc (D:3)
  46 withered plants (D:2)
48 creatures vanquished.

Grand Total: 102 creatures vanquished

Notes
Turn   | Place    | Note
-------+----------+-------------------------------------------
     0 | Start Te | Leeroy the Immature Draconian Priest began the quest for
                  | the Orb.
     0 | Start Te | Reached XP level 1. HP: 29/29 MP: 3/3
     0 | Start Te | Found a sparkling altar of Nemelex Xobeh.
     1 | Start Te | Found a basalt altar of Yredelemnul.
     1 | Start Te | Found a white marble altar of Elyvilon.
     2 | Start Te | Found an iron altar of Okawaru.
     3 | Start Te | Found a glowing silver altar of Zin.
     3 | Start Te | Found a blossoming altar of Fedhas.
     4 | Start Te | Found a stormy altar of Qazlal.
     5 | Start Te | Found a glowing golden altar of the Shining One.
     5 | Start Te | Found an opulent altar of Gozag.
     6 | Start Te | Found a sacrificial altar of Ru.
     7 | Start Te | Found an ornate altar of Bahamut and Tiamat.
     7 | Start Te | Found a hazy altar of Hepliaklqana.
    15 | Start Te | Became a worshipper of Bahamut & Tiamat
    15 | Start Te | Reached * piety under Bahamut & Tiamat
    15 | Start Te | Reached ** piety under Bahamut & Tiamat
   135 | D:1      | Reached skill level 3 in Unarmed Combat
   246 | D:1      | Reached XP level 2. HP: 27/39 MP: 5/5
   504 | D:1      | Reached XP level 3. HP: 44/49 MP: 6/6
   565 | D:1      | Reached skill level 4 in Unarmed Combat
   643 | D:1      | Reached *** piety under Bahamut & Tiamat
   933 | D:1      | Reached XP level 4. HP: 58/59 MP: 7/7
  1155 | D:2      | Reached skill level 5 in Unarmed Combat
  1210 | D:2      | Reached XP level 5. HP: 67/69 MP: 8/8
  1260 | D:2      | Reached skill level 6 in Unarmed Combat
  1295 | D:2      | Reached **** piety under Bahamut & Tiamat
  1295 | D:2      | Reached XP level 6. HP: 39/79 MP: 9/9
  1322 | D:3      | Found an ornate altar of Bahamut and Tiamat.
  1322 | D:3      | Slain by a porcupine

Illustrated notes

Levels and vault maps discovered:
D:1:      minmay_arrival_arboretum_small, layout_basic
D:2:      layout_sewer, lemuel_crystal_altar, tgw_sif, first_ration,
          lemuel_statue_altar, uniq_natasha
D:3:      layout_rooms, kennysheep_mini_moat, lemuel_zombie_altar_yredelemnul,
          old_standard_altar, minmay_holes

Skill      XL: |  1  2  3  4  5 |
---------------+----------------+-----
Unarmed Combat | 3 4 5 6 |  6.2
Dodging        | |  1.5
Stealth        | |  1.4
Invocations    | |  4.0

Action                   |  1- 3 |  4- 6 || total
-------------------------+-------+-------++-------
Melee: Unarmed           |   115 |    75 ||   190
       Peck              |     7 |     3 ||    10
Invok: Choose Bahamut's  |       |     1 ||     1
 Abil: Breathe Dart      |       |     3 ||     3
 Stab: Sleeping          |     4 |       ||     4
       Distracted        |       |     1 ||     1
  Eat: Chunk             |       |     2 ||     2
Armor: Skin              |    20 |     8 ||    28
Dodge: Dodged            |    12 |     9 ||    21
